 Dungeon Crawl Stone Soup version 0.31-a0-187-gba352fbbf7 (webtiles) character file.

Game seed: 16952328436247742327

77 qw the Shooter (level 4, -1/25 HPs)
             Began as a Deep Elf Hunter on June 22, 2023.
             Slain by Terence
             ... wielding a +0 flail
              (8 damage)
             ... on level 2 of the Dungeon.
             The game lasted 00:00:35 (1188 turns).

qw the Shooter (Deep Elf Hunter)                    Turns: 1188, Time: 00:00:36

Health: -1/25      AC:  5    Str: 10    XL:     4   Next: 13%
Magic:  6/6        EV: 11    Int: 14    God:
Gold:   78         SH:  0    Dex: 18    Spells: 3/3 levels left

rFire   . . .        Y - +0 shortbow
rCold   . . .        (shield currently unavailable)
rNeg    . . .        g - +0 ring mail
rPois   .            (no helmet)
rElec   .            (no cloak)
rCorr   .            (no gloves)
SInv    .            (no boots)
Will    .....        (no amulet)
Stlth   +            (no ring)
HPRegen 0.24/turn    (no ring)
MPRegen 0.10/turn

%: no passive effects
@: no status effects
A: no striking features
a: no special abilities


You were on level 2 of the Dungeon.
You visited 1 branch of the dungeon, and saw 2 of its levels.

You collected 78 gold pieces.


   Skills:
 - Level 1.5 Fighting
 + Level 7.5 Ranged Weapons
 - Level 2.4 Dodging
 - Level 1.2 Stealth


You had 3 spell levels left.
You didn't know any spells.
Your spell library was empty.

Inventory:

Hand Weapons
 Y - a +0 shortbow (weapon)
Armour
 g - a +0 ring mail (worn)
Scrolls
 a - a scroll of noise {unknown}
 b - 3 scrolls of identify {unknown}
 d - a scroll of immolation {unknown}
 h - a scroll of silence {unknown}
Potions
 c - a potion of curing {unknown}
 e - a potion of enlightenment
 f - a potion of heal wounds {unknown}
 i - a potion of mutation {unknown}
 l - 3 potions of lignification {unknown}

Dungeon Overview and Level Annotations

Branches:
Dungeon (2/15)

Altars:

Annotations:
D:2 Terence


Message History

You shoot an arrow. The arrow hits the frilled lizard!
You kill the frilled lizard!
Found a stone staircase leading down.
Enter note:
Enter note:
Enter note:
Enter note:
Enter note:
Enter note:
Enter note:
Enter note:
Enter note: Terence the Incautious comes into view.
He is wielding a +0 flail.
Found 12 gold pieces.
Enter note:
Enter note:
Enter note:
Enter note:
Enter note:
Enter note:
Enter note:
Enter note:
Enter note: You shoot an arrow.
The arrow hits Terence but does no damage.
Terence shouts!
You shoot an arrow.
The arrow hits Terence but does no damage.
You shoot an arrow. The arrow hits Terence.
Terence is lightly wounded.
Terence hits you with a +0 flail.
You shoot an arrow. The arrow hits Terence.
Terence is lightly wounded.
Terence hits you with a +0 flail!
You shoot an arrow. The arrow completely misses Terence.
Terence closely misses you. Terence hits you with a +0 flail!
You shoot an arrow. The arrow hits Terence.
Terence is heavily wounded.
Terence hits you with a +0 flail!
You die...

..###....#####.#.........
#..
#..............####.......
##. ##....#........
.....#### ..
.......>.###### ####...#
.. ......##.....# #...#..
.. ......######.# ..## ###
..........##.## .# ..
#######.......###@#####.
## #####.....@....... ##
#######........... .##.
...###.....#....
...........#.#..
..###........... $#.
.......#.#.# ...#
#.)....... .### #).>......
#....<....


You could see Terence.

Vanquished Creatures
  3 adders (D:2)
  A worm (D:2)
  A dart slug (D:2)
  3 ball pythons
  7 bats
  5 endoplasms
  3 giant cockroaches (D:1)
  4 goblins (D:2)
  4 hobgoblins
  4 frilled lizards
  5 kobolds (D:1)
  4 rats
44 creatures vanquished.

Notes
Turn   | Place    | Note
-------+----------+-------------------------------------------
     0 | D:1      | qw the Deep Elf Hunter began the quest for the Orb.
     0 | D:1      | Reached XP level 1. HP: 12/12 MP: 3/3
     0 | D:1      | 0 ||| qw: Version: 0.3-a-9-g12657ce
     0 | D:1      | 0 ||| qw: Game counter: 2638
     0 | D:1      | 0 ||| qw: Always use a shield: true
     0 | D:1      | 0 ||| qw: God list: Okawaru
     0 | D:1      | 0 ||| qw: Allow faded altars: false
     0 | D:1      | 0 ||| qw: Do Orc after D:15 true
     0 | D:1      | 0 ||| qw: Do second Lair branch before Depths: true
     0 | D:1      | 0 ||| qw: Lair rune preference: random
     0 | D:1      | 0 ||| qw: Plans: Normal
     0 | D:1      | 0 ||| PLANNING D:1-11
   203 | D:1      | Reached skill level 6 in Ranged Weapons
   203 | D:1      | Reached XP level 2. HP: 16/16 MP: 4/4
   228 | D:1      | Found a faded altar of an unknown god.
   717 | D:1      | 717 ||| UPGRADING to +0 ring mail.
   727 | D:1      | 727 ||| DROPPING +0 leather armour.
   728 | D:1      | 728 ||| DROPPING +6 ring of intelligence.
   729 | D:1      | 729 ||| READING scroll labelled HAJAKH FODIF.
   734 | D:1      | 734 ||| READING scroll labelled FIUSYCWUDOE.
   735 | D:1      | 735 ||| READING scroll labelled ZUERYH BASA.
   767 | D:1      | 767 ||| DRINKING 2 glowing grey potions.
   768 | D:1      | 768 ||| DROPPING scroll of butterflies.
   809 | D:2      | Reached XP level 3. HP: 12/20 MP: 5/5
   901 | D:2      | Reached skill level 7 in Ranged Weapons
  1093 | D:2      | Reached XP level 4. HP: 25/25 MP: 6/6
  1182 | D:2      | Noticed Terence
  1188 | D:2      | Slain by Terence

Levels and vault maps discovered:
D:1:      scummos_arrival_simple_crosswalls, layout_loops_cross,
          shapermc_ecumenical_altar_gd
D:2:      layout_rooms, basic_altar, minmay_splitting_lines, uniq_terence

Skill      XL: |  1  2  3 |
---------------+----------+-----
Ranged Weapons | 6 7 |  7.5
Fighting       | |  1.5
Dodging        | |  2.4
Stealth        | |  1.2

Action                     |  1- 3 |  4- 6 || total
---------------------------+-------+-------++-------
   Fire: Shortbow          |   132 |    13 ||   145
    Use: Scroll            |     3 |       ||     3
         Potion            |     1 |       ||     1
 Armour: Leather armour    |     5 |       ||     5
         Ring mail         |    17 |       ||    17
  Dodge: Dodged            |    43 |     1 ||    44

Table legend:
 A = Non-vault XP
 B = Vault XP
 C = Vault XP percentage of total XP
 D = Non-vault monster count
 E = Vault monster count
 F = Vault count percentage of total count
                 A         B        C        D         E       F
            +---------+---------+-------+---------+---------+-------
      Total |     110 |       0 |   0.0 |      44 |       0 |   0.0
            +---------+---------+-------+---------+---------+-------
        D:1 |      32 |       0 |   0.0 |      21 |       0 |   0.0
        D:2 |      78 |       0 |   0.0 |      23 |       0 |   0.0
            +---------+---------+-------+---------+---------+-------
